[Event "Prague Festival Open 2022"]
[Site "Prague"]
[Date "2022.06.16"]
[Round "8.11"]
[White "Iniyan, P."]
[Black "Nemec, Jachym"]
[Result "1-0"]
[ECO "D47"]
[WhiteElo "2518"]
[BlackElo "2367"]
[Annotator "TA"]
[PlyCount "93"]
[EventDate "2022.06.10"]
[EventType "swiss"]
[EventCountry "CZE"]
[SourceTitle "playchess.com"]
[Source "ChessBase"]
[SourceQuality "1"]
[TimeControl "40/5400+30:1800+30"]

1. d4 d5 2. c4 c6 3. Nf3 Nf6 4. Nc3 e6 5. e3 Nbd7 6. Bd3 dxc4 7. Bxc4 b5 8. Bd3 Bd6 9. O-O {[%emt 0:05:48] D47: Semi-Slav: Meran System.} Bb7 10. e4 {[%emt 0:04:35] [#] And now e5 would win.} e5 11. dxe5 {[%emt 0:00:12] White is slightly better.} Nxe5 12. Nxe5 Bxe5 13. Kh1 {[%emt 0:15:16] [#]} Qd7 $146 ({Predecessor:} 13... O-O 14. f4 Bxc3 15. bxc3 c5 16. e5 c4 17. Bxc4 bxc4 18. exf6 Qxf6 19. Qd4 Qg6 {0-1 (32) Anu,B (2002)-Bayarmaa,B (2077) Govi Altai 2014}) 14. Bc2 (14. f4 Bxc3 15. bxc3 O-O-O $15) 14... Qxd1 15. Nxd1 c5 16. Be3 O-O ({Don't play} 16... Nxe4 17. Bxe4 (17. f3 Nf6 $11) 17... Bxe4 18. Re1 $11) ({Black should try} 16... Ng4 $1 $15) 17. f4 $11 Bd4 18. Bxd4 cxd4 19. Nf2 Rfe8 20. Rfe1 Rac8 21. Bd3 a6 22. Rad1 Ba8 23. Kg1 g6 24. Bb1 Rcd8 25. g3 Re7 26. Rd2 Ne8 27. Red1 Red7 28. Nd3 Rc7 {[%emt 0:02:49] Inhibits Nc5.} ({Less strong is} 28... Bxe4 29. Ne5 Bxb1 30. Nxd7 Rxd7 31. Rxb1 $16) 29. Nb4 a5 30. Nd5 Bxd5 31. Rxd4 {[%emt 0:00:06][%mdl 64] [#] Pin} Rcd7 {[%emt 0:01:53] A mistake that costs the game.} 32. Rxd5 $18 Rxd5 33. Rxd5 ({Don't take} 33. exd5 $6 Nf6 $14) 33... Rxd5 34. exd5 {[%emt 0:00:03][%mdl 4096] Endgame KB-KN} Kf8 35. Bd3 b4 (35... Ke7 {keeps fighting.}) 36. Kf2 Ke7 37. Ke3 Kd6 38. Kd4 Nf6 39. Be2 {[%emt 0:02:15] Prevents Ng4.} Nxd5 40. Bc4 Nf6 41. Bxf7 Ng4 42. Bg8 Nf6 43. Bc4 Ng4 44. h3 Nf2 (44... Nf6 {was worth a try.} 45. g4 h6) 45. Be2 {[%emt 0:03:00] White is clearly winning.} Nxh3 46. Ke3 {[%emt 0:00:06] Against Nf2} Ng1 47. Bf1 {[%emt 0:00:29] Weighted Error Value: White=0.05 (flawless) /Black=0.26 (precise)} 1-0

[Event "Prague Festival Open 2022"]
[Site "Prague"]
[Date "2022.06.16"]
[Round "8.12"]
[White "Lye, Lik Zang"]
[Black "Omelja, Artem"]
[Result "0-1"]
[ECO "D36"]
[WhiteElo "2358"]
[BlackElo "2515"]
[Annotator "TA"]
[PlyCount "140"]
[EventDate "2022.06.10"]
[EventType "swiss"]
[EventCountry "CZE"]
[SourceTitle "playchess.com"]
[Source "ChessBase"]
[SourceQuality "1"]
[TimeControl "40/5400+30:1800+30"]

1. d4 d5 2. c4 e6 3. Nc3 Nf6 4. cxd5 exd5 5. Bg5 c6 6. e3 h6 7. Bh4 Be7 8. Bd3 O-O 9. Qc2 {[%emt 0:00:48] 9.Nge2 is more fashionable.} Re8 10. Nf3 Ne4 {[%emt 0:01:22] D36: Queen's Gambit Declined: Exchange Variation: Main line (5 Bg5 c6 6 Qc2).} 11. Bxe7 Qxe7 12. Bxe4 dxe4 {[%emt 0:00:09] The position is equal.} 13. Nd2 Bf5 14. O-O Nd7 15. f3 Nf6 (15... Qg5 {looks sharper.} 16. Ndxe4 Qxe3+ 17. Qf2 Qf4) 16. fxe4 Bxe4 17. Ndxe4 Nxe4 18. Nxe4 Qxe4 19. Qxe4 Rxe4 $11 {[%emt 0:00:11][%mdl 4096] Endgame KRR-KRR} 20. Rf3 {[%emt 0:01:04] [#]} Rd8 $146 ({Predecessor:} 20... Rae8 21. Kf2 g5 22. h3 f5 23. Rd1 g4 24. hxg4 fxg4 25. Rf4 Rxe3 26. Rxg4+ Kh7 {½-½ (37) Polich,S-Pulyaev,V (2131) Dnipropetrovsk 2005}) 21. b4 Rd5 22. a4 f6 23. Ra3 Kf7 24. Rf1 Ke6 25. Rc1 Kd6 26. Rb3 f5 27. g3 {[%emt 0:07:39] Against f4} g5 28. b5 (28. Kg2 $11 {feels stronger.}) 28... c5 29. dxc5+ $1 Rxc5 30. Rd3+ Rd5 31. Rxd5+ (31. Ra3 $1 $15) 31... Kxd5 $15 {[%emt 0:00:08] KR-KR} 32. Rc7 (32. Rd1+ $17 Ke5 33. Rd7) 32... Rxa4 $19 (32... Rxe3 33. Rxb7 Re1+ 34. Kf2 $14) 33. Rxb7 Ra1+ 34. Kf2 Ra2+ 35. Kg1 Ke4 $1 {[%emt 0:00:48] And now ...Kf3 would win.} 36. Rf7 h5 (36... Kxe3 37. Rxf5 Ra5 38. Rf7 $11) 37. Rf6 Rb2 (37... Kxe3 38. Rxf5 Ra1+ 39. Kg2 $11) 38. Rf7 Rxb5 39. Rxa7 Rb1+ $1 (39... Kxe3 40. Ra3+ Ke4 41. Kg2) 40. Kf2 Rb2+ 41. Kg1 Kf3 $1 (41... Kxe3 42. h3 $17) 42. Ra1 {[%emt 0:01:34] Inhibits Rb1+.} Rg2+ ({Stronger than} 42... Kxe3 43. h3) 43. Kh1 Re2 44. Kg1 Rxe3 ({Worse is} 44... Kxe3 45. Ra5) 45. Rf1+ $2 (45. Kf1) 45... Kg4 46. Rf2 Rf3 $1 47. Ra2 {[%emt 0:00:42] [#]} Kh3 $1 {[%emt 0:00:37] ( -> ...g4)} 48. Ra5 {[%emt 0:01:13] [#]} g4 $1 49. Rb5 Ra3 ({Don't go for} 49... h4 $2 50. gxh4 Kxh4 51. Kg2 $19) 50. Rxf5 Ra1+ 51. Kf2 Ra2+ 52. Kg1 Rg2+ 53. Kf1 Rxh2 54. Rxh5+ Kxg3 55. Rg5 Rh1+ 56. Ke2 {[%emt 0:00:00] White does not recover from this.} Rh8 {[%emt 0:00:00] Black mates.} 57. Kf1 Rf8+ 58. Kg1 Ra8 59. Kf1 Ra1+ 60. Ke2 Rg1 61. Rg8 Kh2 62. Rg7 g3 63. Kf3 Rf1+ 64. Ke2 Rf8 65. Rh7+ Kg1 66. Rg7 g2 67. Rh7 Re8+ 68. Kd3 Re5 69. Kd4 Rg5 70. Ke3 Kf1 {[%emt 0:00:00] Weighted Error Value: White=0.52/Black=0.02 (flawless)} 0-1

[Event "Prague Festival Open 2022"]
[Site "Prague"]
[Date "2022.06.17"]
[Round "9.1"]
[White "Stefansson, Hannes"]
[Black "Motylev, Alexander"]
[Result "0-1"]
[ECO "C54"]
[WhiteElo "2534"]
[BlackElo "2633"]
[Annotator "TA"]
[PlyCount "92"]
[EventDate "2022.06.10"]
[EventType "swiss"]
[EventCountry "CZE"]
[SourceTitle "playchess.com"]
[Source "ChessBase"]
[SourceQuality "1"]
[TimeControl "40/5400+30:1800+30"]

1. e4 e5 2. Nf3 Nc6 3. Bc4 Bc5 4. c3 Nf6 5. d3 d6 6. O-O a5 {[%emt 0:00:05] C54: Giuoco Piano: 4 c3 Nf6, main lines with 5 d4 and 5 d3.} 7. Re1 Ba7 8. Na3 O-O {[%emt 0:01:28] The position is equal.} 9. Bg5 h6 10. Bh4 g5 11. Bg3 {[%emt 0:02:24] [#]} g4 $146 ({Predecessor:} 11... Bg4 12. Nc2 Bh5 13. h3 Kg7 14. Ne3 Ne7 15. Bb3 Qd7 16. Bc2 Bxe3 17. Rxe3 Ng6 {½-½ (50) Duda,J (2743)-Anton Guijarro,D (2679) Wijk aan Zee 2021}) 12. Nh4 (12. Bh4 $5 ) 12... Nh5 13. Nc2 Qg5 14. Ne3 Bxe3 15. Rxe3 Ne7 16. d4 Nf4 17. Re1 Kh7 18. Bxf4 exf4 19. g3 f3 20. Bd3 (20. a4 $5 ) 20... Kg7 21. c4 (21. Qb3 $142) 21... Nc6 $11 22. Bc2 Qf6 23. e5 dxe5 24. Qd3 Rh8 {[%emt 0:00:34] Inhibits Qh7+.} 25. dxe5 Nxe5 26. Qe4 Nc6 27. Rad1 Be6 28. h3 h5 (28... Qxb2 29. Ng6 $1 Rhe8 30. Nh4 $11) (28... gxh3 29. Re3 $11) 29. Ba4 $1 Rad8 (29... Qxb2 30. Bxc6 bxc6 31. Rd4 $14) 30. Bxc6 bxc6 31. Qxc6 $2 {[%emt 0:01:57][%mdl 8192] White does not recover from this.} (31. b3 $1 $15) 31... Rxd1 $19 (31... Qxb2 32. Qc5 Qf6 33. Rxd8 Rxd8 34. Re5 $14) (31... gxh3 32. Qxc7 Rxd1 33. Rxd1 $14) 32. Rxd1 Qe5 {[%emt 0:00:23][%cal Oh8d8] Inhibits Qc5. ...Rd8! is the strong threat.} (32... Qxb2 33. Qc5 Rh6 34. hxg4 $14 (34. Qg5+ Kh7 $11)) (32... gxh3 33. Qxc7 Rc8 34. Qxa5 $14) 33. Qb5 ({Don't play} 33. hxg4 Rd8 $1 34. Rc1 (34. Rxd8 $2 Qe1+ 35. Kh2 Qxf2+ 36. Kh1 Qf1+ 37. Kh2 Qe2+ 38. Kh1 f2 $19) (34. Qxf3 $2 Bxg4 35. Rxd8 Bxf3 $19) 34... hxg4 $19) 33... Qxb5 34. cxb5 {[%emt 0:00:05][%mdl 4096] Endgame [#] KRB-KRN} a4 $1 ({And not} 34... Bxa2 35. hxg4 hxg4 36. Nf5+ Kg6 37. Ne3 $17) 35. hxg4 hxg4 36. Rc1 (36. Rd4 $142 Rh5 37. Rb4) 36... Rd8 {[%emt 0:10:43] Black is clearly winning.} 37. b3 ({Weaker is} 37. Rxc7 Rd1+ 38. Kh2 Rd2 $19) 37... axb3 38. axb3 Rd7 39. Kf1 Kf6 40. b4 Rd4 41. Kg1 Rc4 42. Rb1 Ke7 43. Kf1 Re4 44. Rc1 Kd7 45. Rc5 Rxb4 {[%emt 0:01:27] ( -> ...Rb1+)} 46. Ke1 Re4+ {[%emt 0:02:40] Weighted Error Value: White=0.40/Black=0.06 (flawless)} 0-1

[Event "Prague Festival Open 2022"]
[Site "Prague"]
[Date "2022.06.17"]
[Round "9.2"]
[White "Petr, Martin"]
[Black "Alsina Leal, Daniel"]
[Result "1/2-1/2"]
[ECO "D78"]
[WhiteElo "2488"]
[BlackElo "2508"]
[Annotator "TA"]
[PlyCount "117"]
[EventDate "2022.06.10"]
[EventType "swiss"]
[EventCountry "CZE"]
[SourceTitle "playchess.com"]
[Source "ChessBase"]
[SourceQuality "1"]
[TimeControl "40/5400+30:1800+30"]

1. Nf3 {[%emt 0:00:03] Golod,V} Nf6 2. g3 d5 3. Bg2 g6 4. c4 c6 5. b3 Bg7 6. Bb2 O-O 7. O-O Re8 8. d4 Bf5 9. Nc3 {[%emt 0:03:40] D78: Fianchetto Grünfeld: 6 0-0 c6.} Ne4 10. Nh4 Nxc3 11. Bxc3 Be6 {[%emt 0:02:50] [#]} 12. c5 $146 ({Predecessor:} 12. Qd3 Nd7 13. c5 f5 14. b4 Bf7 15. f4 b6 16. Nf3 a5 17. a3 axb4 18. axb4 {½-½ (34) Malakhov,V (2670)-Golod,V (2523) Bad Wiessee 2002 EXT 2003 [Golod,V]}) 12... Bc8 13. f4 Nd7 14. b4 a5 15. a3 axb4 16. axb4 Rxa1 17. Qxa1 Nf6 18. Nf3 Ne4 19. Bb2 f6 20. Qa7 g5 21. fxg5 fxg5 22. Qb8 Rf8 23. Bc1 h6 24. Ne5 Rxf1+ 25. Bxf1 Qf8 $1 {[%emt 0:01:08] [#] ( -> ...Qf2+)} 26. Be3 {[%emt 0:00:07] Against Qf2+} Kh7 {[%emt 0:00:28] Inhibits Ng6.} 27. Nd3 ({But not} 27. Bg2 $2 Nc3 28. Bf3 Nd1 $17) 27... Nc3 {[%emt 0:01:30] White must now prevent ...Nd1.} 28. Bf2 $1 Nd1 29. e3 Qf5 (29... Nxf2 30. Nxf2 h5 31. Be2 $14) 30. Be2 Nc3 ({Don't do} 30... Nxf2 31. Nxf2 Qf8 32. Qc7 $16) 31. Bf1 Nd1 32. Be2 Nc3 (32... Nxf2 33. Nxf2 Qf8 34. Qc7 $16) 33. Bf1 Ne4 34. h3 Nd2 35. g4 Qe4 36. Be2 $16 ({Don't play} 36. Qxc8 Nf3+ 37. Kg2 Nd2+ 38. Kg1 Nf3+ 39. Kh1 Nd2+ 40. Bg2 Qxd3 $14) 36... Qe6 {[%emt 0:00:27] [#]} 37. Ne5 (37. Nb2 $1 $16) 37... Bxe5 38. dxe5 Kg7 39. Bd3 {[%emt 0:01:07] Strongly threatening Bf5.} Ne4 40. Qc7 Kf7 41. Qd8 Bd7 42. Qh8 Kg6 43. Be1 Qf7 44. Qb8 Be6 45. Be2 ({Better is} 45. Kg2 $1 $14) 45... d4 $11 {[%emt 0:02:59] The position is equal.} 46. Qxb7 Bd5 {[%emt 0:00:40] ...d3 is the strong threat.} 47. Qd7 dxe3 48. e6 Qxe6 49. Qxe6+ Bxe6 {[%emt 0:00:01][%mdl 4096] Endgame KBB-KBN} 50. Bd3 Bd5 51. Kf1 Kf6 52. Ke2 Nf2 53. Bxf2 exf2 54. Kxf2 {[%emt 0:00:04] KB-KB} Ke5 {[%emt 0:00:23] Hoping for ...Kd4.} 55. Ke3 Bg2 56. Bc2 Bd5 57. Bd3 Bg2 58. Bc2 Bd5 59. Bd3 {[%emt 0:01:16] Weighted Error Value: White=0.09 (flawless) /Black=0.07 (flawless)} 1/2-1/2

[Event "Prague Festival Open 2022"]
[Site "Prague"]
[Date "2022.06.17"]
[Round "9.3"]
[White "Santiago, Yago De Moura"]
[Black "Garriga Cazorla, Pere"]
[Result "1/2-1/2"]
[ECO "D43"]
[WhiteElo "2498"]
[BlackElo "2495"]
[Annotator "TA"]
[PlyCount "48"]
[EventDate "2022.06.10"]
[EventType "swiss"]
[EventCountry "CZE"]
[SourceTitle "playchess.com"]
[Source "ChessBase"]
[SourceQuality "1"]
[TimeControl "40/5400+30:1800+30"]

1. d4 d5 2. c4 e6 3. Nf3 Nf6 4. Nc3 dxc4 5. Qa4+ c6 6. Qxc4 b5 7. Qd3 a6 8. g4 $1 {[%emt 0:00:09][%cal Bg2g4,Bg4g5][%mdl 4] outshines the older 8.e4. D43: Semi-Slav: 5 Bg5 h6.} Bb7 9. g5 $1 {[%emt 0:01:28] [#]} Nfd7 $146 ({Predecessor:} 9... Nd5 10. Bg2 Nd7 11. O-O c5 12. e4 Nxc3 13. bxc3 cxd4 14. cxd4 Bd6 15. Rd1 O-O {1-0 (49) Yakubboev,N (2604)-Sjugirov,S (2663) Chess.com INT 2021}) 10. Bg2 {[%emt 0:03:58] White is slightly better.} c5 11. dxc5 Nc6 12. Be3 Nb4 13. Qd2 {[%emt 0:06:07] Hoping for a3.} Bxc5 14. Rc1 O-O 15. O-O Rc8 16. Rfd1 Nd5 17. Nxd5 Bxd5 18. Bxc5 Nxc5 19. Rxc5 Rxc5 $11 20. e4 $1 {[%emt 0:00:05] [#]} Qc8 $1 {[%emt 0:01:44] aiming for ...Rc2.} 21. exd5 Rxd5 22. Qe2 Rxd1+ 23. Qxd1 Rd8 24. Qe2 Qc1+ {[%emt 0:01:52] Weighted Error Value: White=0.11 (very precise) /Black=0.10 (very precise)} 1/2-1/2

[Event "Prague Festival Open 2022"]
[Site "Prague"]
[Date "2022.06.17"]
[Round "9.4"]
[White "Kozak, Antoni"]
[Black "Sankalp Gupta"]
[Result "1/2-1/2"]
[ECO "A13"]
[WhiteElo "2459"]
[BlackElo "2505"]
[Annotator "TA"]
[PlyCount "103"]
[EventDate "2022.06.10"]
[EventType "swiss"]
[EventCountry "CZE"]
[SourceTitle "playchess.com"]
[Source "ChessBase"]
[SourceQuality "1"]
[TimeControl "40/5400+30:1800+30"]

1. Nf3 d5 2. e3 Nf6 3. c4 e6 4. b3 b6 5. Bb2 Bb7 6. Nc3 {[%emt 0:02:18] A13: English Opening: 1...e6.} a6 7. g3 dxc4 8. bxc4 c5 9. Bg2 {[%emt 0:01:22] [#]} Bd6 $146 ({Predecessor:} 9... Be7 10. O-O O-O 11. Qe2 Qc7 12. d4 cxd4 13. exd4 Rc8 14. d5 Qxc4 15. dxe6 fxe6 16. Qxc4 Rxc4 {½-½ (53) Eraschenkov,D (2386)-Rathneesh,R (2006) Bhopal 2019}) 10. O-O O-O 11. Qe2 Nc6 12. Ne1 Qc7 13. f4 Rfe8 14. g4 Nd7 15. g5 Ne7 16. Ne4 Nf5 17. Nd3 b5 18. Ndf2 Nb6 19. d3 $1 (19. Nxd6 Nxd6 20. Bxb7 Qxb7 $15) 19... bxc4 20. dxc4 e5 (20... Rab8 $14) 21. Bh3 $18 exf4 $2 (21... Nxe3 $16 {keeps fighting.} 22. Qxe3 exf4) 22. Bxf5 fxe3 {[%emt 0:00:01] [#]} (22... f3 $142 23. Qxf3 Bxh2+ 24. Kg2 Be5) 23. Qh5 $1 Bxh2+ $1 $14 24. Qxh2 {[%emt 0:01:25] Really sharp!} exf2+ 25. Nxf2 Qxh2+ 26. Kxh2 {[%emt 0:00:04] Threatens to win with Bd3.} Nxc4 27. Bc1 {[%emt 0:00:10] This bishop pair is nice.} Rad8 28. Rb1 Bc6 29. Bd3 ({Better is} 29. Rd1 $16) 29... Ne5 30. Bxa6 Ra8 31. Bb5 (31. Rb6 {[#]} Rxa6 $1 32. Rxa6 Bb5 $17) 31... Rxa2 32. Kg3 Raa8 33. Re1 Rab8 34. Bxc6 Nxc6 35. Bf4 Rxe1 36. Rxe1 Rc8 37. Ne4 Nd4 38. Nd6 Rf8 39. Re7 f6 40. Kg4 Nc6 41. Rc7 fxg5 42. Bg3 (42. Kxg5 Nd4 43. Re7 h6+ 44. Kg4 h5+ 45. Kg3 Rf6 $11) (42. Bxg5 Ne5+ 43. Kg3 Rf3+ 44. Kg2 h6 $16) 42... Nd8 43. Be5 $1 Nf7 {[%emt 0:00:00] [#]} 44. Bc3 g6 ({Less strong is} 44... h5+ 45. Kxh5 Nxd6 46. Rxg7+ Kh8 47. Rg6+ (47. Rxg5+ Kh7 $14) 47... Kh7 48. Rxd6 $16) 45. Nxf7 {[%emt 0:00:00] White is much more active.} (45. Ne4 $14 h5+ 46. Kg3) 45... Rxf7 {[%emt 0:00:00][%mdl 4096] Endgame KRB-KR. The position is equal.} 46. Rc8+ Rf8 47. Rxc5 h5+ 48. Kxg5 Rf5+ 49. Rxf5 gxf5 50. Kxf5 h4 51. Kg4 h3 52. Kxh3 {[%emt 0:00:00] Weighted Error Value: White=0.17 (very precise) /Black=0.13 (very precise)} 1/2-1/2

[Event "Prague Festival Open 2022"]
[Site "Prague"]
[Date "2022.06.17"]
[Round "9.5"]
[White "Stremavicius, Titas"]
[Black "Popovic, Dusan"]
[Result "1/2-1/2"]
[WhiteElo "2508"]
[BlackElo "2480"]
[Annotator "TA"]
[PlyCount "34"]
[EventDate "2022.06.10"]
[EventType "swiss"]
[EventCountry "CZE"]
[SourceTitle "playchess.com"]
[Source "ChessBase"]
[SourceQuality "1"]
[TimeControl "40/5400+30:1800+30"]

1. c4 g6 2. d4 Nf6 3. Nc3 Bg7 4. e4 d6 5. Be2 O-O 6. Be3 Nbd7 7. h4 {[%emt 0:00:19] White is more active. White is slightly better.} c5 {[%emt 0:01:08] E73: King's Indian: Averbakh Variation without 6...c5.} 8. d5 b5 9. cxb5 a6 {[%emt 0:01:15] [#]} {Predecessor:} 10. a4 $146 Qa5 11. Bd2 axb5 12. Nxb5 Qb6 13. Qc2 Ba6 14. Nf3 Nxe4 15. Qxe4 Bxb5 16. Bxb5 Qxb5 17. axb5 Rxa1+ {0-1 (29) Coleman,T (2333)-Bernadskiy,V (2619) Chess.com INT 2020} 1/2-1/2

[Event "Prague Festival Open 2022"]
[Site "Prague"]
[Date "2022.06.17"]
[Round "9.6"]
[White "Fus, Jakub"]
[Black "Wagner, Dennis"]
[Result "1-0"]
[ECO "E60"]
[WhiteElo "2378"]
[BlackElo "2586"]
[Annotator "TA"]
[PlyCount "113"]
[EventDate "2022.06.10"]
[EventType "swiss"]
[EventCountry "CZE"]
[SourceTitle "playchess.com"]
[Source "ChessBase"]
[SourceQuality "1"]
[TimeControl "40/5400+30:1800+30"]

1. d4 Nf6 2. c4 g6 3. Nf3 Bg7 4. e3 O-O 5. Be2 d6 6. O-O e5 {[%emt 0:04:45] E60: King's Indian: Unusual lines and Fianchetto Variation without Nc3.} 7. dxe5 (7. Nc3 {seems wilder.} Bf5 8. Qb3 e4 9. Nd2) 7... dxe5 {[%emt 0:00:07] [#]} 8. Qxd8 $146 ({Predecessor:} 8. Nxe5 Qe7 9. Nd3 Rd8 10. Qb3 Na6 11. Nc3 c6 12. f3 Nh5 13. Ne4 Be6 14. a4 {1-0 (39) Kovalyov,A (2615)-Xiong,J (2666) Fort Worth 2019}) 8... Rxd8 {[%emt 0:00:02] The position is equal.} 9. Nxe5 Ne4 10. Nd3 Na6 11. Na3 (11. f3 $5 Nec5 12. Nxc5 Nxc5 13. Nc3 $11) 11... Bf5 12. Nf4 Nec5 $36 {[%emt 0:00:05][%cal Be4c5,Bc5d3,Bd3e5,Be5g4][%mdl 2080] Black is pushing.} 13. g4 Bd3 14. Nb5 Bxe2 15. Nxe2 Nd3 16. Rb1 Ne5 17. b3 Nxg4 18. Nbd4 Nb4 19. a3 Nd3 20. Bd2 c5 21. Nf3 Nde5 22. Nxe5 Bxe5 23. Rfd1 $1 Bxh2+ 24. Kg2 Be5 25. Bc3 b6 (25... h5 {with more complications.} 26. e4 b6 27. Rd5 Bxc3 28. Nxc3 Nf6) 26. Bxe5 Nxe5 27. Nf4 Kg7 28. Nd5 h5 29. f4 {[%emt 0:00:50] [#]} Nc6 30. b4 cxb4 31. axb4 Rd7 32. Kf3 Ne7 33. e4 Rc8 34. Rbc1 Rb7 ({Black should play} 34... f5 $17 35. Ne3 fxe4+ 36. Kxe4 Rdc7) 35. Ke3 a5 36. b5 Ng8 (36... a4 $17 37. Rc3 Nxd5+ 38. exd5 Ra7) 37. Kd4 $11 Nf6 38. e5 Nd7 39. Rc3 Nc5 40. f5 {[%emt 0:00:07] Prevents Ne6+.} gxf5 41. Rg3+ Kh6 42. Rh1 Ne6+ 43. Kc3 f4 44. Rgh3 {[%emt 0:00:44][%mdl 1024] White has compensation.} Ng7 45. Rf3 Ne6 46. Rfh3 Ng7 47. Rf1 Re8 $1 48. Rxf4 Rxe5 $2 (48... Re6 $11 {and Black has nothing to worry.}) 49. Rf6+ $18 Kh7 50. Rxb6 Rxb6 51. Nxb6 {[%emt 0:00:04][%mdl 4096] Endgame And now Nd7 would win. KRN-KRN} Re1 52. Kd2 Rb1 53. Nd5 {[%emt 0:00:37] Kc2 is the strong threat.} a4 $2 {[%emt 0:01:45][%mdl 8192] This move loses the game for Black.} (53... Kh6 $16 {is a better chance.}) 54. Kc2 Re1 55. b6 {[%emt 0:00:39] [#] Hoping for b7.} Re2+ $2 (55... Ne6 56. b7 Nd4+ 57. Kb2 Nc6 58. Rxh5+ Kg7 59. Rg5+ Kf8) 56. Kb1 {[%emt 0:01:56] Threatens to win with b7.} Re8 57. Nf6+ {[%emt 0:00:04] Weighted Error Value: White=0.11 (very precise) /Black=0.49} 1-0

[Event "Prague Festival Open 2022"]
[Site "Prague"]
[Date "2022.06.17"]
[Round "9.7"]
[White "Czerw, Dawid"]
[Black "Huzman, Alexander"]
[Result "1/2-1/2"]
[ECO "C10"]
[WhiteElo "2386"]
[BlackElo "2541"]
[Annotator "TA"]
[PlyCount "30"]
[EventDate "2022.06.10"]
[EventType "swiss"]
[EventCountry "CZE"]
[SourceTitle "playchess.com"]
[Source "ChessBase"]
[SourceQuality "1"]
[TimeControl "40/5400+30:1800+30"]

1. e4 e6 2. d4 d5 3. Nc3 dxe4 4. Nxe4 Nd7 5. Nf3 Ngf6 6. Bg5 h6 7. Nxf6+ Nxf6 8. Be3 Bd6 {[%emt 0:01:37] C10: French with 3 Nc3: Unusual Black 3rd moves and 3...dxe4.} 9. Bd3 Bd7 10. Ne5 {[%emt 0:03:15] [#]} Bxe5 $146 {[%emt 0:04:20] The position is equal.} ({Predecessor:} 10... Qe7 11. O-O Bxe5 12. dxe5 Nd5 13. Bd2 O-O-O 14. Qf3 Bc6 15. Be4 Qe8 16. Qa3 Nb6 {½-½ (34) Zeller,F (2420)-Bellini,F (2459) Switzerland 2013}) 11. dxe5 Nd5 12. Bd2 Qh4 13. Qe2 Nf4 14. Bxf4 Qxf4 15. Qe4 Qxe4+ {[%emt 0:00:29] Not much happened in this game.  Weighted Error Value: White=0.08 (flawless) /Black=0.08 (flawless)} 1/2-1/2